Lightning vs Predators

Created - May 2, 2018 at 19:04

Goals
1 2 3 OT1 T
Lightning 1 0 2 1 4
Predators 2 1 0 0 3
Shots
1 2 3 OT1 T
Lightning 10 8 15 1 34
Predators 13 14 5 0 32

1st period

1. Predators , Andy Miele 18 (Chris Lawrence 2) at 6:40
2. Predators , Niclas Bergfors 33 (Alexander Ovechkin 60, Ryan Mcdonagh 33) at 12:07
3. Lightning , Steve Bernier 14 (Pierre-Marc Bouchard 24, Brent Burns 31) at 13:46

Penalties :
Ryan Kesler (Nas) for Hooking (Minor) at 3:16, Justin Abdelkader (Nas) for Holding (Minor) at 15:28

2nd period

4. Predators , Niclas Bergfors 34 (Alexander Ovechkin 61, Marc Savard 41) at 4:59

Penalties :
Pierre-Marc Bouchard (TB.) for Holding (Minor) at 18:51

3rd period

5. Lightning , Robert Nilsson 39 (Henrik Zetterberg 67, Kris Versteeg 41) at 6:06
6. Lightning , Kris Versteeg 32 (Henrik Zetterberg 68, Robert Nilsson 53) at 19:03 (PP)

Penalties :
Alexander Edler (Nas) for Holding (Minor) at 6:41, Marc Savard (Nas) for Hooking (Minor) at 18:53

Overtime #1

7. Lightning , Pierre-Marc Bouchard 24 (John Carlson 35) at 4:24

Penalties :
No Penalty

Goalie Stats

Jaroslav Halak (TB.), 29 saves from 32 shots - (0.906), W, 32-33-9, 64:06 minutes
Viktor Fasth (Nas), 30 saves from 34 shots - (0.882), OTL, 38-20-5, 64:24 minutes

Players Stats for Lightning

Player Name              G  A  P  +/- PIM S  H  SB GA TA FO     MP     PP MP  PK MP  
------------------------------------------------------------------------------------
Andy Rogers              0  0  0   1  0   1  0  1  0  2  0/0    22:29   2:32   0:55 
Brent Burns              0  1  1  -1  0   1  1  0  0  0  0/0    25:52   3:16   1:04 
Daniel Carcillo          0  0  0   0  0   6  2  1  0  0  1/2    17:43   2:36   0:08 
Davis Drewiske           0  0  0   0  0   0  0  1  0  0  0/0     6:03   0:19   0:00 
Henrik Zetterberg        0  2  2  -1  0   8  3  1  0  0  1/9    26:52   3:09   1:25 
Jeff Schultz             0  0  0  -1  0   0  1  2  0  2  0/0    28:26   3:16   1:04 
John Carlson             0  1  1   1  0   0  3  2  0  1  0/0    21:46   2:32   0:55 
Jordan Nolan             0  0  0   0  0   4  0  3  0  0  5/11   15:12   0:22   0:00 
Justin Schultz           0  0  0   0  0   1  0  0  0  0  0/0    11:59   0:00   0:00 
Kris Versteeg            1  1  2   0  0   2  2  2  1  0  0/1    22:34   3:09   0:26 
Loui Eriksson            0  0  0   0  0   2  2  0  1  0  1/2    14:49   0:22   0:00 
Pierre-Luc Létourneau    0  0  0   0  0   0  0  0  0  0  0/0     6:47   0:00   0:00 
Pierre-Marc Bouchard     1  1  2   1  2   4  1  0  0  0  5/13   19:20   2:36   0:00 
Reilly Smith             0  0  0   0  0   1  0  0  0  0  0/0     7:41   0:22   0:00 
Robert Nilsson           1  1  2  -1  0   2  0  2  0  0  12/27  23:50   3:09   1:25 
Sheldon Keefe            0  0  0   0  0   0  1  0  0  0  0/0    14:01   0:00   0:34 
Steve Bernier            1  0  1   0  0   2  1  0  0  0  0/0    17:19   2:36   0:00 
Steve McCarthy           0  0  0   0  0   0  0  0  0  0  0/0    12:53   0:19   0:00 

Players Stats for Predators

Player Name              G  A  P  +/- PIM S  H  SB GA TA FO     MP     PP MP  PK MP  
------------------------------------------------------------------------------------
Adam Burish              0  0  0   0  0   4  2  0  0  0  0/0    14:57   0:00   3:09 
Alexander Edler          0  0  0  -1  2   2  3  0  1  1  0/0    28:24   1:12   2:29 
Alexander Ovechkin       0  2  2   1  0   4  4  0  1  0  3/6    23:02   1:17   3:12 
Alexander Steen          0  0  0  -1  0   2  2  0  1  0  0/0    17:01   0:42   0:55 
Andy Miele               1  0  1   1  0   1  5  0  0  0  1/2     7:53   0:00   0:00 
Barret Jackman           0  0  0   1  0   0  0  0  0  0  0/0    13:46   0:00   1:22 
Brett Clark              0  0  0   1  0   1  0  0  0  1  0/0    15:43   0:00   2:31 
Byron Bitz               0  0  0  -2  0   3  2  1  1  0  1/1    19:17   0:42   1:56 
Chris Lawrence           0  1  1   1  0   1  0  0  0  0  0/1     9:43   0:00   1:28 
Dmitri Kalinin           0  0  0   0  0   0  1  0  0  0  0/0    19:31   0:47   0:00 
James Van Riemsdyk       0  0  0   0  0   1  0  0  0  0  0/1    12:54   0:00   0:00 
John Moore               0  0  0   0  0   1  0  1  0  0  0/0    22:35   0:47   2:16 
Justin Abdelkader        0  0  0   1  2   0  4  0  0  0  1/1     8:57   0:00   0:00 
Marc Savard              0  1  1   1  2   1  1  0  1  0  16/26  16:26   0:00   0:00 
Mikael Granlund          0  0  0   0  0   2  0  1  0  0  4/8    13:28   0:42   0:28 
Niclas Bergfors          2  0  2   1  0   7  1  0  0  0  0/1    19:28   1:17   0:00 
Ryan Kesler              0  0  0  -2  2   1  1  1  0  0  14/18  19:10   1:17   1:06 
Ryan Mcdonagh            0  1  1  -1  0   1  1  2  0  0  0/0    29:10   1:12   3:36 

3 Stars

1 - Niclas Bergfors (Nas)
2 - Kris Versteeg (TB.)
3 - Andy Miele (Nas)

Power Play

Lightning - 1 on 4 Attempt(s) - 25.00%
Predators - 0 on 1 Attempt(s) - 0.00%

Penalty Kill

Lightning - 1 on 1 Attempt(s) - 100.00% - Score 0 goal in Penalty Kill
Predators - 3 on 4 Attempt(s) - 75.00% - Score 0 goal in Penalty Kill

Team Stat

Lightning - Hits : 17 - Faceoff Wins : 25 - Blocked Shots : 15 - Penalty Minutes : 2
Predators - Hits : 27 - Faceoff Wins : 40 - Blocked Shots : 6 - Penalty Minutes : 8

Official

Referees : Pochmara Brian and Kimmerly Greg
Linesman : Dan Schachte and Derek Amell

Game Notes

No Game Note

Finance

Level 1 -- Attendance: 6000 (100.00%) -- Ticket Income $528,000
Level 2 -- Attendance: 5000 (100.00%) -- Ticket Income $270,000
Level 3 -- Attendance: 2000 (100.00%) -- Ticket Income $68,000
Level 4 -- Attendance: 4000 (100.00%) -- Ticket Income $104,000
Luxury Box -- Attendance: 752 (75.20%) -- Ticket Income $127,840
Game was played at the Wildcat center.
Total Attendance: 17752 (98.62%)
Total Ticket Income: $1,097,840
Other Income: $164,676
Total Income: $1,262,516

Lightning

5 vs 5 Forward 
   Center                   Left Wing                Right Wing               Time % Phy DF OF 
 1 Robert Nilsson           Henrik Zetterberg        Kris Versteeg            40     1   2  2  
 2 Pierre-Marc Bouchard     Daniel Carcillo          Steve Bernier            30     1   2  2  
 3 Jordan Nolan             Loui Eriksson            Sheldon Keefe            20     1   2  2  
 4 Henrik Zetterberg        Pierre-Luc Létourneau    Reilly Smith             10     1   2  2  

5 vs 5 Defense 
   Defense                  Defense                                           Time % Phy DF OF 
 1 Jeff Schultz             Brent Burns                                       40     1   2  2  
 2 John Carlson             Andy Rogers                                       30     1   2  2  
 3 Steve McCarthy           Justin Schultz                                    20     1   2  2  
 4 Davis Drewiske           Jeff Schultz                                      10     1   2  2  

PowerPlay Forward 
   Center                   Left Wing                Right Wing               Time % Phy DF OF 
 1 Robert Nilsson           Henrik Zetterberg        Kris Versteeg            60     1   2  2  
 2 Pierre-Marc Bouchard     Daniel Carcillo          Steve Bernier            40     1   2  2  

PowerPlay Defense
   Defense                  Defense                                           Time % Phy DF OF 
 1 Jeff Schultz             Brent Burns                                       60     1   2  2  
 2 John Carlson             Andy Rogers                                       40     1   2  2  

Penalty Kill 4 Players Forward 
   Center                   Wing                     Time % Phy DF OF 
 1 Henrik Zetterberg        Robert Nilsson           60     1   2  2  
 2 Kris Versteeg            Pierre-Marc Bouchard     40     1   2  2  

Penalty Kill 4 Players Defense
   Defense                  Defense                  Time % Phy DF OF 
 1 Jeff Schultz             Brent Burns              60     1   2  2  
 2 John Carlson             Andy Rogers              40     1   2  2  

Penalty Kill - 3 Players Forward 
   Forward                                           Time % Phy DF OF 
 1 Henrik Zetterberg                                 60     1   2  2  
 2 Robert Nilsson                                    40     1   2  2  

Penalty Kill - 3 Players Defense
   Defense                  Defense                  Time % Phy DF OF 
 1 Jeff Schultz             Brent Burns              60     1   2  2  
 2 John Carlson             Andy Rogers              40     1   2  2  

4 vs 4 Forward 
   Center                   Wing                     Time % Phy DF OF 
 1 Henrik Zetterberg        Robert Nilsson           60     1   2  2  
 2 Kris Versteeg            Pierre-Marc Bouchard     40     1   2  2  

4 vs 4 Defense
   Defense                  Defense                  Time % Phy DF OF 
 1 Jeff Schultz             Brent Burns              60     1   2  2  
 2 John Carlson             Andy Rogers              40     1   2  2  

Last Minutes Offensive
   Center                   Left Wing                Right Wing               Defense                  Defense                  
   Robert Nilsson           Henrik Zetterberg        Kris Versteeg            Jeff Schultz             Brent Burns              

Last Minutes Defensive
   Center                   Left Wing                Right Wing               Defense                  Defense                  
   Robert Nilsson           Henrik Zetterberg        Kris Versteeg            Jeff Schultz             Brent Burns              

Goaltenders
Starting : Jaroslav Halak           
Backup : Adam Munro               

Extra Forwards
Normal : Jordan Nolan, Loui Eriksson, Sheldon Keefe - PP : Jordan Nolan, Loui Eriksson - PK : Sheldon Keefe
Extra Defensemen
Normal : Steve McCarthy, Justin Schultz, Davis Drewiske - PP : Steve McCarthy - PK : Justin Schultz, Davis Drewiske
Penalty Shots
Henrik Zetterberg, Robert Nilsson, Kris Versteeg, Pierre-Marc Bouchard, Jordan Nolan

Scratches
Danny Richmond (Healthy), Mikael Backlund (Abdominal Strain Injury)

Predators

5 vs 5 Forward 
   Center                   Left Wing                Right Wing               Time % Phy DF OF 
 1 Marc Savard              Alexander Ovechkin       Niclas Bergfors          40     1   2  2  
 2 Ryan Kesler              Alexander Steen          Byron Bitz               30     1   2  2  
 3 Mikael Granlund          James Van Riemsdyk       Adam Burish              20     1   2  2  
 4 Andy Miele               Justin Abdelkader        Chris Lawrence           10     1   2  2  

5 vs 5 Defense 
   Defense                  Defense                                           Time % Phy DF OF 
 1 Ryan Mcdonagh            Alexander Edler                                   40     1   2  2  
 2 John Moore               Dmitri Kalinin                                    30     1   2  2  
 3 Brett Clark              Barret Jackman                                    20     1   2  2  
 4 Ryan Mcdonagh            Alexander Edler                                   10     1   2  2  

PowerPlay Forward 
   Center                   Left Wing                Right Wing               Time % Phy DF OF 
 1 Ryan Kesler              Alexander Ovechkin       Niclas Bergfors          60     1   0  4  
 2 Mikael Granlund          Alexander Steen          Byron Bitz               40     1   0  4  

PowerPlay Defense
   Defense                  Defense                                           Time % Phy DF OF 
 1 Ryan Mcdonagh            Alexander Edler                                   60     1   1  3  
 2 John Moore               Dmitri Kalinin                                    40     1   1  3  

Penalty Kill 4 Players Forward 
   Center                   Wing                     Time % Phy DF OF 
 1 Alexander Ovechkin       Adam Burish              60     1   2  2  
 2 Ryan Kesler              Byron Bitz               40     1   2  2  

Penalty Kill 4 Players Defense
   Defense                  Defense                  Time % Phy DF OF 
 1 Ryan Mcdonagh            Alexander Edler          60     1   2  2  
 2 John Moore               Brett Clark              40     1   2  2  

Penalty Kill - 3 Players Forward 
   Forward                                           Time % Phy DF OF 
 1 Byron Bitz                                        60     1   2  2  
 2 Adam Burish                                       40     1   2  2  

Penalty Kill - 3 Players Defense
   Defense                  Defense                  Time % Phy DF OF 
 1 Ryan Mcdonagh            Alexander Edler          60     1   2  2  
 2 John Moore               Brett Clark              40     1   2  2  

4 vs 4 Forward 
   Center                   Wing                     Time % Phy DF OF 
 1 Alexander Ovechkin       Niclas Bergfors          60     1   2  2  
 2 Ryan Kesler              Byron Bitz               40     1   2  2  

4 vs 4 Defense
   Defense                  Defense                  Time % Phy DF OF 
 1 Ryan Mcdonagh            Alexander Edler          60     1   2  2  
 2 John Moore               Dmitri Kalinin           40     1   2  2  

Last Minutes Offensive
   Center                   Left Wing                Right Wing               Defense                  Defense                  
   Ryan Kesler              Alexander Ovechkin       Niclas Bergfors          Ryan Mcdonagh            Alexander Edler          

Last Minutes Defensive
   Center                   Left Wing                Right Wing               Defense                  Defense                  
   Ryan Kesler              Alexander Ovechkin       Niclas Bergfors          Ryan Mcdonagh            Alexander Edler          

Goaltenders
Starting : Viktor Fasth             
Backup : Chad Johnson             

Extra Forwards
Normal : James Van Riemsdyk, Justin Abdelkader, Mikael Granlund - PP : James Van Riemsdyk, Justin Abdelkader - PK : Chris Lawrence
Extra Defensemen
Normal : Dmitri Kalinin, Barret Jackman, John Moore - PP : Dmitri Kalinin - PK : Barret Jackman, John Moore
Penalty Shots
Alexander Ovechkin, Niclas Bergfors, Ryan Kesler, Byron Bitz, Alexander Steen

Scratches
Kris Vernarsky (Healthy)

% Time on Ice - Lightning

Lines # - Real PCT - Wanted PCT - Time Play
Normal Forward
1 - 35% - 40% - 17:57
2 - 29% - 30% - 14:52
3 - 24% - 20% - 12:22
4 - 13% - 10% - 6:40
Normal Defense
1 - 36% - 40% - 18:54
2 - 31% - 30% - 16:11
3 - 22% - 20% - 11:37
4 - 10% - 10% - 5:09
PP Forward
1 - 57% - 60% - 3:31
2 - 43% - 40% - 2:36
PP Defense
1 - 59% - 60% - 3:35
2 - 41% - 40% - 2:32
PK Forward
1 - 78% - 60% - 1:33
2 - 22% - 40% - 0:26
PK Defense
1 - 54% - 60% - 1:04
2 - 46% - 40% - 0:55
PK3 Forward
1 - 0% - 60%
2 - 0% - 40%
PK3 Defense
1 - 0% - 60%
2 - 0% - 40%
44 Forward
1 - 66% - 60% - 2:55
2 - 34% - 40% - 1:29
44 Defense
1 - 43% - 60% - 1:54
2 - 57% - 40% - 2:30
Last Minute Offensive  - 0:03
Last Minute Defensive  - 0:00
Total
Forward - 64:24
Defense - 64:24

% Time on Ice - Predators

Lines # - Real PCT - Wanted PCT - Time Play
Normal Forward
1 - 33% - 40% - 17:06
2 - 29% - 30% - 15:07
3 - 23% - 20% - 11:48
4 - 15% - 10% - 7:53
Normal Defense
1 - 39% - 40% - 20:04
2 - 34% - 30% - 17:31
3 - 22% - 20% - 11:36
4 - 5% - 10% - 2:43
PP Forward
1 - 65% - 60% - 1:17
2 - 35% - 40% - 0:42
PP Defense
1 - 61% - 60% - 1:12
2 - 39% - 40% - 0:47
PK Forward
1 - 68% - 60% - 4:11
2 - 32% - 40% - 1:56
PK Defense
1 - 68% - 60% - 4:09
2 - 32% - 40% - 1:58
PK3 Forward
1 - 0% - 60%
2 - 0% - 40%
PK3 Defense
1 - 0% - 60%
2 - 0% - 40%
44 Forward
1 - 65% - 60% - 2:52
2 - 35% - 40% - 1:32
44 Defense
1 - 49% - 60% - 2:10
2 - 51% - 40% - 2:14
Last Minute Offensive  - 0:00
Last Minute Defensive  - 0:00
Total
Forward - 64:24
Defense - 64:24

Play by Play

1st period


0:01 of 1st period - Marc Savard wins face-off versus Robert Nilsson in neutral zone.
0:31 of 1st period - Snap shot by Byron Bitz.
0:31 of 1st period - Stopped by Jaroslav Halak without a rebound.
0:32 of 1st period - Ryan Kesler wins face-off versus Jordan Nolan in Lightning zone.
1:04 of 1st period - John Carlson is hit by Adam Burish and loses puck.
1:17 of 1st period - Slapshot by Alexander Ovechkin.
1:17 of 1st period - Stopped by Jaroslav Halak with a rebound.
1:59 of 1st period - Wrist shot by Loui Eriksson.
1:59 of 1st period - Shot Misses the Net.
2:01 of 1st period - Snap shot by Jordan Nolan.
2:01 of 1st period - Deflect By Loui Eriksson.
2:01 of 1st period - Stopped by Viktor Fasth with a rebound.
3:01 of 1st period - Off-side.
3:02 of 1st period - Mikael Granlund wins face-off versus Henrik Zetterberg in neutral zone.
3:13 of 1st period - Wrist shot by Henrik Zetterberg.
3:13 of 1st period - Stopped by Viktor Fasth without a rebound.
3:14 of 1st period - Ryan Kesler wins face-off versus Pierre-Marc Bouchard in Predators zone.
3:16 of 1st period - Minor Penalty to Ryan Kesler for Hooking.
3:17 of 1st period - Alexander Ovechkin wins face-off versus Kris Versteeg in Predators zone.
3:43 of 1st period - Ryan Mcdonagh is hit by Brent Burns and loses puck.
5:16 of 1st period - Penalty to Ryan Kesler is over, Ryan Kesler is back on ice.
6:02 of 1st period - Andy Rogers is hit by Adam Burish and loses puck.
6:32 of 1st period - Off-side.
6:33 of 1st period - Andy Miele wins face-off versus Pierre-Marc Bouchard in neutral zone.
6:36 of 1st period - Snap shot by Chris Lawrence.
6:36 of 1st period - Stopped by Jaroslav Halak with a rebound.
6:38 of 1st period - Snap shot by Chris Lawrence.
6:38 of 1st period - Shot Misses the Net.
6:40 of 1st period - Slapshot by Andy Miele.
6:40 of 1st period - Goal by Andy Miele - Lightning : 0 - Predators : 1.
6:41 of 1st period - Ryan Kesler wins face-off versus Henrik Zetterberg in neutral zone.
8:22 of 1st period - Wrist shot by Niclas Bergfors.
8:22 of 1st period - Shot Blocked by Andy Rogers.
8:38 of 1st period - Dmitri Kalinin is hit by John Carlson and loses puck.
8:46 of 1st period - Off-side.
8:47 of 1st period - Pierre-Marc Bouchard wins face-off versus Ryan Kesler in neutral zone.
8:50 of 1st period - Wrist shot by Steve Bernier.
8:50 of 1st period - Shot Misses the Net.
8:54 of 1st period - Wrist shot by Steve Bernier.
8:54 of 1st period - Shot Blocked by Byron Bitz.
8:56 of 1st period - Snap shot by Daniel Carcillo.
8:56 of 1st period - Stopped by Viktor Fasth without a rebound.
8:57 of 1st period - Ryan Kesler wins face-off versus Daniel Carcillo in Predators zone.
9:14 of 1st period - Alexander Steen is hit by Daniel Carcillo and loses puck.
9:23 of 1st period - Wrist shot by Steve Bernier.
9:23 of 1st period - Stopped by Viktor Fasth without a rebound.
9:24 of 1st period - Marc Savard wins face-off versus Robert Nilsson in Predators zone.
9:35 of 1st period - Snap shot by Henrik Zetterberg.
9:35 of 1st period - Stopped by Viktor Fasth without a rebound.
9:36 of 1st period - Robert Nilsson wins face-off versus Marc Savard in Predators zone.
10:03 of 1st period - Robert Nilsson is hit by Alexander Edler and loses puck.
10:21 of 1st period - Andy Rogers is hit by Ryan Mcdonagh and loses puck.
10:32 of 1st period - Byron Bitz is hit by John Carlson and loses puck.
10:59 of 1st period - Wrist shot by Chris Lawrence.
10:59 of 1st period - Shot Blocked by John Carlson.
11:19 of 1st period - John Moore is hit by Sheldon Keefe and loses puck.
11:33 of 1st period - Off-side.
11:34 of 1st period - Mikael Granlund wins face-off versus Henrik Zetterberg in neutral zone.
11:43 of 1st period - Slapshot by Henrik Zetterberg.
11:43 of 1st period - Stopped by Viktor Fasth without a rebound.
11:44 of 1st period - Pierre-Marc Bouchard wins face-off versus Marc Savard in Predators zone.
11:57 of 1st period - Snap shot by Alexander Edler.
11:57 of 1st period - Stopped by Jaroslav Halak without a rebound.
11:58 of 1st period - Robert Nilsson wins face-off versus Marc Savard in Lightning zone.
12:07 of 1st period - Snap shot by Alexander Ovechkin.
12:07 of 1st period - Deflect By Niclas Bergfors.
12:07 of 1st period - Goal by Niclas Bergfors - Lightning : 0 - Predators : 2.
12:08 of 1st period - Robert Nilsson wins face-off versus Ryan Kesler in neutral zone.
13:46 of 1st period - Wrist shot by Pierre-Marc Bouchard.
13:46 of 1st period - Deflect By Steve Bernier.
13:46 of 1st period - Goal by Steve Bernier - Lightning : 1 - Predators : 2.
13:47 of 1st period - Marc Savard wins face-off versus Robert Nilsson in neutral zone.
13:56 of 1st period - Wrist shot by Alexander Ovechkin.
13:56 of 1st period - Stopped by Jaroslav Halak with a rebound.
13:58 of 1st period - Snap shot by Alexander Ovechkin.
13:58 of 1st period - Stopped by Jaroslav Halak with a rebound.
14:00 of 1st period - Snap shot by Marc Savard.
14:00 of 1st period - Stopped by Jaroslav Halak without a rebound.
14:01 of 1st period - Ryan Kesler wins face-off versus Robert Nilsson in Lightning zone.
14:02 of 1st period - Wrist shot by Byron Bitz.
14:02 of 1st period - Shot Blocked by Robert Nilsson.
14:08 of 1st period - John Moore is hit by Henrik Zetterberg and loses puck.
14:13 of 1st period - Slapshot by Henrik Zetterberg.
14:13 of 1st period - Shot Misses the Net.
14:17 of 1st period - Snap shot by Henrik Zetterberg.
14:17 of 1st period - Stopped by Viktor Fasth with a rebound.
14:50 of 1st period - Snap shot by Mikael Granlund.
14:50 of 1st period - Stopped by Jaroslav Halak with a rebound.
14:52 of 1st period - Slapshot by James Van Riemsdyk.
14:52 of 1st period - Shot Blocked by Jordan Nolan.
14:54 of 1st period - Backhand shot by Brett Clark.
14:54 of 1st period - Shot Blocked by Jordan Nolan.
14:56 of 1st period - Wrist shot by Barret Jackman.
14:56 of 1st period - Deflect By Adam Burish.
14:56 of 1st period - Stopped by Jaroslav Halak with a rebound.
14:58 of 1st period - Slapshot by Brett Clark.
14:58 of 1st period - Shot Hit the Post.
15:28 of 1st period - Minor Penalty to Justin Abdelkader for Holding.
15:29 of 1st period - Robert Nilsson wins face-off versus Alexander Ovechkin in Predators zone.
16:09 of 1st period - Wrist shot by Robert Nilsson.
16:09 of 1st period - Shot Misses the Net.
16:21 of 1st period - Brett Clark is hit by Daniel Carcillo and loses puck.
16:26 of 1st period - Snap shot by Pierre-Marc Bouchard.
16:26 of 1st period - Stopped by Viktor Fasth with a rebound.
17:16 of 1st period - Snap shot by Jordan Nolan.
17:16 of 1st period - Shot Misses the Net.
17:18 of 1st period - Snap shot by Reilly Smith.
17:18 of 1st period - Stopped by Viktor Fasth without a rebound.
17:19 of 1st period - Jordan Nolan wins face-off versus Alexander Ovechkin in Predators zone.
17:28 of 1st period - Penalty to Justin Abdelkader is over, Justin Abdelkader is back on ice.
17:56 of 1st period - Chris Lawrence is hit by Henrik Zetterberg and loses puck.
18:06 of 1st period - Icing by Ryan Mcdonagh.
18:07 of 1st period - Marc Savard wins face-off versus Pierre-Marc Bouchard in Predators zone.
19:07 of 1st period - Snap shot by James Van Riemsdyk.
19:07 of 1st period - Stopped by Jaroslav Halak without a rebound.
19:08 of 1st period - Robert Nilsson wins face-off versus Marc Savard in Lightning zone.
19:42 of 1st period - Slapshot by Alexander Edler.
19:42 of 1st period - Deflect By Justin Schultz.
19:42 of 1st period - Stopped by Jaroslav Halak with a rebound.
19:50 of 1st period - Backhand shot by Pierre-Marc Bouchard.
19:50 of 1st period - Shot Blocked by Ryan Kesler.
Goals for this period are 1 for Lightning vs 2 for Predators.
Shots for this period are 10 for Lightning vs 13 for Predators.

2nd period


0:01 of 2nd period - Marc Savard wins face-off versus Robert Nilsson in neutral zone.
0:04 of 2nd period - Robert Nilsson is hit by Alexander Ovechkin and loses puck.
0:27 of 2nd period - Snap shot by Daniel Carcillo.
0:27 of 2nd period - Stopped by Viktor Fasth with a rebound.
0:29 of 2nd period - Slapshot by Steve McCarthy.
0:29 of 2nd period - Shot Blocked by Ryan Mcdonagh.
0:31 of 2nd period - Slapshot by Steve McCarthy.
0:31 of 2nd period - Shot Misses the Net.
0:35 of 2nd period - Wrist shot by Pierre-Marc Bouchard.
0:35 of 2nd period - Stopped by Viktor Fasth without a rebound.
0:36 of 2nd period - Ryan Kesler wins face-off versus Robert Nilsson in Predators zone.
0:45 of 2nd period - Off-side.
0:46 of 2nd period - Ryan Kesler wins face-off versus Henrik Zetterberg in neutral zone.
1:15 of 2nd period - Snap shot by Ryan Kesler.
1:15 of 2nd period - Stopped by Jaroslav Halak without a rebound.
1:16 of 2nd period - Marc Savard wins face-off versus Pierre-Marc Bouchard in Lightning zone.
1:47 of 2nd period - Snap shot by Brett Clark.
1:47 of 2nd period - Deflect By Mikael Granlund.
1:47 of 2nd period - Stopped by Jaroslav Halak without a rebound.
1:48 of 2nd period - Ryan Kesler wins face-off versus Jordan Nolan in Lightning zone.
2:07 of 2nd period - Icing by Loui Eriksson.
2:08 of 2nd period - Marc Savard wins face-off versus Jordan Nolan in Lightning zone.
3:29 of 2nd period - Snap shot by Henrik Zetterberg.
3:29 of 2nd period - Stopped by Viktor Fasth without a rebound.
3:30 of 2nd period - Marc Savard wins face-off versus Loui Eriksson in Predators zone.
3:55 of 2nd period - Daniel Carcillo is hit by Dmitri Kalinin and loses puck.
4:04 of 2nd period - Slapshot by Byron Bitz.
4:04 of 2nd period - Stopped by Jaroslav Halak without a rebound.
4:05 of 2nd period - Ryan Kesler wins face-off versus Robert Nilsson in Lightning zone.
4:18 of 2nd period - Wrist shot by Ryan Kesler.
4:18 of 2nd period - Deflect By Alexander Steen.
4:18 of 2nd period - Shot Misses the Net.
4:18 of 2nd period - Puck is out of play.
4:19 of 2nd period - Marc Savard wins face-off versus Robert Nilsson in Lightning zone.
4:24 of 2nd period - Wrist shot by Niclas Bergfors.
4:24 of 2nd period - Shot Misses the Net.
4:26 of 2nd period - Slapshot by John Moore.
4:26 of 2nd period - Stopped by Jaroslav Halak without a rebound.
4:27 of 2nd period - Robert Nilsson wins face-off versus Marc Savard in Lightning zone.
4:33 of 2nd period - Icing by Niclas Bergfors.
4:34 of 2nd period - Marc Savard wins face-off versus Henrik Zetterberg in Predators zone.
4:49 of 2nd period - Snap shot by Niclas Bergfors.
4:49 of 2nd period - Stopped by Jaroslav Halak with a rebound.
4:59 of 2nd period - Wrist shot by Niclas Bergfors.
4:59 of 2nd period - Goal by Niclas Bergfors - Lightning : 1 - Predators : 3.
5:00 of 2nd period - Marc Savard wins face-off versus Robert Nilsson in neutral zone.
5:11 of 2nd period - Slapshot by Ryan Mcdonagh.
5:11 of 2nd period - Deflect By Niclas Bergfors.
5:11 of 2nd period - Stopped by Jaroslav Halak with a rebound.
5:13 of 2nd period - Snap shot by Niclas Bergfors.
5:13 of 2nd period - Shot Misses the Net.
5:31 of 2nd period - Off-side.
5:32 of 2nd period - Daniel Carcillo wins face-off versus Ryan Kesler in neutral zone.
5:39 of 2nd period - Snap shot by Daniel Carcillo.
5:39 of 2nd period - Shot Misses the Net.
5:41 of 2nd period - Wrist shot by Daniel Carcillo.
5:41 of 2nd period - Stopped by Viktor Fasth with a rebound.
5:50 of 2nd period - Icing by Dmitri Kalinin.
5:51 of 2nd period - Robert Nilsson wins face-off versus Ryan Kesler in Predators zone.
5:54 of 2nd period - Snap shot by Henrik Zetterberg.
5:54 of 2nd period - Shot Blocked by John Moore.
5:56 of 2nd period - Snap shot by Henrik Zetterberg.
5:56 of 2nd period - Shot Misses the Net.
6:42 of 2nd period - Snap shot by Henrik Zetterberg.
6:42 of 2nd period - Stopped by Viktor Fasth without a rebound.
6:43 of 2nd period - Henrik Zetterberg wins face-off versus Mikael Granlund in Predators zone.
6:44 of 2nd period - Snap shot by Jeff Schultz.
6:44 of 2nd period - Shot Misses the Net.
6:46 of 2nd period - Snap shot by Brent Burns.
6:46 of 2nd period - Shot Blocked by Mikael Granlund.
6:58 of 2nd period - Slapshot by Henrik Zetterberg.
6:58 of 2nd period - Stopped by Viktor Fasth without a rebound.
6:59 of 2nd period - Pierre-Marc Bouchard wins face-off versus Marc Savard in Predators zone.
7:08 of 2nd period - Slapshot by Niclas Bergfors.
7:08 of 2nd period - Stopped by Jaroslav Halak with a rebound.
7:10 of 2nd period - Slapshot by Ryan Mcdonagh.
7:10 of 2nd period - Shot Misses the Net.
7:12 of 2nd period - Slapshot by Alexander Edler.
7:12 of 2nd period - Shot Blocked by Daniel Carcillo.
7:16 of 2nd period - Snap shot by Alexander Ovechkin.
7:16 of 2nd period - Shot Misses the Net.
7:33 of 2nd period - Adam Burish is hit by Henrik Zetterberg and loses puck.
7:48 of 2nd period - Wrist shot by Jordan Nolan.
7:48 of 2nd period - Stopped by Viktor Fasth with a rebound.
7:50 of 2nd period - Snap shot by Loui Eriksson.
7:50 of 2nd period - Stopped by Viktor Fasth without a rebound.
7:51 of 2nd period - Marc Savard wins face-off versus Jordan Nolan in Predators zone.
8:02 of 2nd period - Snap shot by Alexander Ovechkin.
8:02 of 2nd period - Shot Blocked by Jordan Nolan.
8:04 of 2nd period - Slapshot by Ryan Mcdonagh.
8:04 of 2nd period - Stopped by Jaroslav Halak with a rebound.
8:20 of 2nd period - Slapshot by Jeff Schultz.
8:20 of 2nd period - Deflect By Henrik Zetterberg.
8:20 of 2nd period - Shot Misses the Net.
8:20 of 2nd period - Puck is out of play.
8:21 of 2nd period - Ryan Kesler wins face-off versus Robert Nilsson in Predators zone.
8:28 of 2nd period - Robert Nilsson is hit by Byron Bitz and loses puck.
9:13 of 2nd period - Wrist shot by Alexander Steen.
9:13 of 2nd period - Stopped by Jaroslav Halak with a rebound.
9:35 of 2nd period - Snap shot by Byron Bitz.
9:35 of 2nd period - Shot Blocked by Robert Nilsson.
9:47 of 2nd period - Snap shot by Byron Bitz.
9:47 of 2nd period - Shot Misses the Net.
9:49 of 2nd period - Slapshot by Barret Jackman.
9:49 of 2nd period - Shot Blocked by John Carlson.
9:51 of 2nd period - Wrist shot by Byron Bitz.
9:51 of 2nd period - Shot Blocked by Kris Versteeg.
9:53 of 2nd period - Backhand shot by John Moore.
9:53 of 2nd period - Shot Misses the Net.
10:29 of 2nd period - Snap shot by Byron Bitz.
10:29 of 2nd period - Stopped by Jaroslav Halak without a rebound.
10:30 of 2nd period - Pierre-Marc Bouchard wins face-off versus Marc Savard in Lightning zone.
10:30 of 2nd period - Pierre-Marc Bouchard is hit by Alexander Ovechkin.
11:59 of 2nd period - Davis Drewiske is hit by Justin Abdelkader and loses puck.
12:40 of 2nd period - Brent Burns is hit by Andy Miele.
13:34 of 2nd period - Alexander Ovechkin is hit by Loui Eriksson and loses puck.
14:53 of 2nd period - Henrik Zetterberg is hit by Andy Miele.
17:46 of 2nd period - Brent Burns is hit by Alexander Ovechkin and loses puck.
18:19 of 2nd period - Icing by Chris Lawrence.
18:20 of 2nd period - Robert Nilsson wins face-off versus Marc Savard in Predators zone.
18:37 of 2nd period - Snap shot by Byron Bitz.
18:37 of 2nd period - Shot Blocked by Davis Drewiske.
18:39 of 2nd period - Backhand shot by Alexander Edler.
18:39 of 2nd period - Shot Misses the Net.
18:51 of 2nd period - Minor Penalty to Pierre-Marc Bouchard for Holding.
18:52 of 2nd period - Ryan Kesler wins face-off versus Henrik Zetterberg in Lightning zone.
18:55 of 2nd period - Backhand shot by Niclas Bergfors.
18:55 of 2nd period - Shot Misses the Net.
18:57 of 2nd period - Slapshot by Alexander Ovechkin.
18:57 of 2nd period - Stopped by Jaroslav Halak without a rebound.
18:58 of 2nd period - Ryan Kesler wins face-off versus Henrik Zetterberg in Lightning zone.
18:59 of 2nd period - Slapshot by Niclas Bergfors.
18:59 of 2nd period - Stopped by Jaroslav Halak with a rebound.
19:01 of 2nd period - Slapshot by Dmitri Kalinin.
19:01 of 2nd period - Shot Misses the Net.
19:03 of 2nd period - Wrist shot by Niclas Bergfors.
19:03 of 2nd period - Stopped by Jaroslav Halak with a rebound.
19:13 of 2nd period - Snap shot by Niclas Bergfors.
19:13 of 2nd period - Shot Hit the Post.
19:15 of 2nd period - Snap shot by Alexander Ovechkin.
19:15 of 2nd period - Shot Blocked by Jeff Schultz.
Goals for this period are 0 for Lightning vs 1 for Predators.
Shots for this period are 8 for Lightning vs 14 for Predators.

3rd period


0:01 of 3rd period - Ryan Kesler wins face-off versus Robert Nilsson in neutral zone.
0:51 of 3rd period - Penalty to Pierre-Marc Bouchard is over, Pierre-Marc Bouchard is back on ice.
1:08 of 3rd period - Icing by Daniel Carcillo.
1:09 of 3rd period - Pierre-Marc Bouchard wins face-off versus Chris Lawrence in Lightning zone.
1:26 of 3rd period - Slapshot by Daniel Carcillo.
1:26 of 3rd period - Stopped by Viktor Fasth with a rebound.
1:28 of 3rd period - Slapshot by Andy Rogers.
1:28 of 3rd period - Stopped by Viktor Fasth without a rebound.
1:29 of 3rd period - Robert Nilsson wins face-off versus Marc Savard in Predators zone.
1:56 of 3rd period - Jeff Schultz is hit by Alexander Steen and loses puck.
2:05 of 3rd period - Slapshot by Alexander Steen.
2:05 of 3rd period - Stopped by Jaroslav Halak without a rebound.
2:06 of 3rd period - Mikael Granlund wins face-off versus Robert Nilsson in Lightning zone.
2:17 of 3rd period - Snap shot by Adam Burish.
2:17 of 3rd period - Stopped by Jaroslav Halak without a rebound.
2:18 of 3rd period - Marc Savard wins face-off versus Robert Nilsson in Lightning zone.
3:17 of 3rd period - Backhand shot by Andy Miele.
3:17 of 3rd period - Shot Blocked by Jeff Schultz.
3:32 of 3rd period - Wrist shot by Jordan Nolan.
3:32 of 3rd period - Stopped by Viktor Fasth without a rebound.
3:33 of 3rd period - Robert Nilsson wins face-off versus Niclas Bergfors in Predators zone.
4:41 of 3rd period - Justin Schultz is hit by Andy Miele and loses puck.
5:01 of 3rd period - Icing by Niclas Bergfors.
5:02 of 3rd period - Marc Savard wins face-off versus Jordan Nolan in Predators zone.
5:13 of 3rd period - Snap shot by Jordan Nolan.
5:13 of 3rd period - Stopped by Viktor Fasth without a rebound.
5:14 of 3rd period - Marc Savard wins face-off versus Robert Nilsson in Predators zone.
5:14 of 3rd period - Marc Savard is hit by Kris Versteeg.
5:20 of 3rd period - Snap shot by Henrik Zetterberg.
5:20 of 3rd period - Stopped by Viktor Fasth with a rebound.
5:22 of 3rd period - Wrist shot by Kris Versteeg.
5:22 of 3rd period - Deflect By Henrik Zetterberg.
5:22 of 3rd period - Shot Misses the Net.
5:22 of 3rd period - Puck is out of play.
5:23 of 3rd period - Robert Nilsson wins face-off versus Marc Savard in Predators zone.
5:36 of 3rd period - Snap shot by Kris Versteeg.
5:36 of 3rd period - Stopped by Viktor Fasth with a rebound.
5:40 of 3rd period - Snap shot by Henrik Zetterberg.
5:40 of 3rd period - Shot Blocked by Ryan Mcdonagh.
5:42 of 3rd period - Snap shot by Robert Nilsson.
5:42 of 3rd period - Stopped by Viktor Fasth with a rebound.
5:46 of 3rd period - Wrist shot by Kris Versteeg.
5:46 of 3rd period - Shot Misses the Net.
5:54 of 3rd period - Snap shot by Henrik Zetterberg.
5:54 of 3rd period - Shot Misses the Net.
6:06 of 3rd period - Wrist shot by Robert Nilsson.
6:06 of 3rd period - Goal by Robert Nilsson - Lightning : 2 - Predators : 3.
6:07 of 3rd period - Ryan Kesler wins face-off versus Pierre-Marc Bouchard in neutral zone.
6:34 of 3rd period - Icing by Jordan Nolan.
6:35 of 3rd period - Loui Eriksson wins face-off versus Mikael Granlund in Lightning zone.
6:41 of 3rd period - Minor Penalty to Alexander Edler for Holding.
6:42 of 3rd period - Alexander Ovechkin wins face-off versus Robert Nilsson in Predators zone.
8:33 of 3rd period - Byron Bitz is hit by Steve Bernier and loses puck.
8:41 of 3rd period - Penalty to Alexander Edler is over, Alexander Edler is back on ice.
8:50 of 3rd period - Wrist shot by Jordan Nolan.
8:50 of 3rd period - Shot Misses the Net.
9:10 of 3rd period - Slapshot by Brett Clark.
9:10 of 3rd period - Deflect By Justin Schultz.
9:10 of 3rd period - Stopped by Jaroslav Halak with a rebound.
10:06 of 3rd period - John Carlson is hit by Byron Bitz and loses puck.
10:30 of 3rd period - Sheldon Keefe is hit by Alexander Ovechkin and loses puck.
10:46 of 3rd period - Robert Nilsson is hit by Andy Miele.
11:04 of 3rd period - Jeff Schultz is hit by Alexander Steen and loses puck.
11:17 of 3rd period - Jeff Schultz is hit by Marc Savard and loses puck.
11:40 of 3rd period - Daniel Carcillo is hit by Justin Abdelkader and loses puck.
12:37 of 3rd period - John Carlson is hit by Justin Abdelkader and loses puck.
12:46 of 3rd period - Pierre-Luc Létourneau is hit by Justin Abdelkader and loses puck.
13:33 of 3rd period - Pierre-Luc Létourneau is hit by Ryan Kesler and loses puck.
14:13 of 3rd period - Alexander Edler is hit by Loui Eriksson and loses puck.
14:26 of 3rd period - John Carlson is hit by Alexander Edler and loses puck.
15:21 of 3rd period - Andy Rogers is hit by Andy Miele and loses puck.
15:28 of 3rd period - Snap shot by Chris Lawrence.
15:28 of 3rd period - Shot Blocked by Kris Versteeg.
15:30 of 3rd period - Slapshot by Ryan Mcdonagh.
15:30 of 3rd period - Shot Misses the Net.
15:32 of 3rd period - Snap shot by Justin Abdelkader.
15:32 of 3rd period - Shot Misses the Net.
15:48 of 3rd period - Snap shot by Pierre-Marc Bouchard.
15:48 of 3rd period - Shot Misses the Net.
15:50 of 3rd period - Snap shot by Daniel Carcillo.
15:50 of 3rd period - Stopped by Viktor Fasth without a rebound.
15:51 of 3rd period - Mikael Granlund wins face-off versus Pierre-Marc Bouchard in Predators zone.
15:56 of 3rd period - Slapshot by Ryan Mcdonagh.
15:56 of 3rd period - Deflect By Adam Burish.
15:56 of 3rd period - Stopped by Jaroslav Halak with a rebound.
16:18 of 3rd period - Wrist shot by Pierre-Marc Bouchard.
16:18 of 3rd period - Stopped by Viktor Fasth without a rebound.
16:19 of 3rd period - Jordan Nolan wins face-off versus James Van Riemsdyk in Predators zone.
16:32 of 3rd period - Snap shot by Adam Burish.
16:32 of 3rd period - Stopped by Jaroslav Halak with a rebound.
16:43 of 3rd period - Off-side.
16:44 of 3rd period - Marc Savard wins face-off versus Pierre-Marc Bouchard in neutral zone.
16:58 of 3rd period - Slapshot by Brent Burns.
16:58 of 3rd period - Stopped by Viktor Fasth with a rebound.
17:32 of 3rd period - Byron Bitz is hit by John Carlson and loses puck.
18:03 of 3rd period - Slapshot by Justin Schultz.
18:03 of 3rd period - Stopped by Viktor Fasth without a rebound.
18:04 of 3rd period - Jordan Nolan wins face-off versus Andy Miele in Predators zone.
18:11 of 3rd period - Snap shot by Jordan Nolan.
18:11 of 3rd period - Stopped by Viktor Fasth without a rebound.
18:12 of 3rd period - Jordan Nolan wins face-off versus Mikael Granlund in Predators zone.
18:21 of 3rd period - Backhand shot by Sheldon Keefe.
18:21 of 3rd period - Shot Misses the Net.
18:45 of 3rd period - Lightning , Jaroslav Halak is pulled from the net.
18:53 of 3rd period - Minor Penalty to Marc Savard for Hooking.
18:54 of 3rd period - Robert Nilsson wins face-off versus Alexander Ovechkin in Predators zone.
19:01 of 3rd period - Slapshot by Henrik Zetterberg.
19:01 of 3rd period - Shot Misses the Net.
19:03 of 3rd period - Slapshot by Kris Versteeg.
19:03 of 3rd period - Goal by Kris Versteeg - Lightning : 3 - Predators : 3.
19:03 of 3rd period - Jaroslav Halak from Lightning was sent back in the game.
19:04 of 3rd period - Jordan Nolan wins face-off versus Mikael Granlund in neutral zone.
19:54 of 3rd period - Snap shot by Daniel Carcillo.
19:54 of 3rd period - Shot Misses the Net.
19:56 of 3rd period - Wrist shot by Daniel Carcillo.
19:56 of 3rd period - Stopped by Viktor Fasth without a rebound.
19:57 of 3rd period - Byron Bitz wins face-off versus Pierre-Marc Bouchard in Predators zone.
19:57 of 3rd period - Byron Bitz is hit by Pierre-Marc Bouchard.
Goals for this period are 2 for Lightning vs 0 for Predators.
Shots for this period are 15 for Lightning vs 5 for Predators.

Overtime #1


0:01 of 1st overtime period - Alexander Ovechkin wins face-off versus Henrik Zetterberg in neutral zone.
0:14 of 1st overtime period - Snap shot by Alexander Ovechkin.
0:14 of 1st overtime period - Shot Blocked by Henrik Zetterberg.
1:25 of 1st overtime period - Dmitri Kalinin is hit by Jeff Schultz and loses puck.
1:43 of 1st overtime period - Jordan Nolan is hit by Niclas Bergfors and loses puck.
3:22 of 1st overtime period - Icing by Henrik Zetterberg.
3:23 of 1st overtime period - Justin Abdelkader wins face-off versus Jordan Nolan in Lightning zone.
3:53 of 1st overtime period - Pierre-Marc Bouchard is hit by Alexander Edler and loses puck.
4:06 of 1st overtime period - Ryan Kesler is hit by Kris Versteeg and loses puck.
4:22 of 1st overtime period - Backhand shot by Pierre-Marc Bouchard.
4:22 of 1st overtime period - Shot Misses the Net.
4:24 of 1st overtime period - Wrist shot by Pierre-Marc Bouchard.
4:24 of 1st overtime period - Goal by Pierre-Marc Bouchard - Lightning : 4 - Predators : 3.
Goals for this period are 1 for Lightning vs 0 for Predators.
Shots for this period are 1 for Lightning vs 0 for Predators.